 Dungeon Crawl Stone Soup version 0.22-a0-799-g88f5e907b7 (webtiles) character file.

32 Holzbalken the Chiller (level 3, 0/24 HPs)
             Began as a Merfolk Ice Elementalist on July 21, 2018.
             Slain by a leopard gecko (5 damage)
             ... on level 2 of the Dungeon.
             The game lasted 00:06:24 (1322 turns).

Holzbalken the Chiller (Merfolk Ice Elementalist)   Turns: 1322, Time: 00:06:24

Health: 0/24       AC:  4    Str:  8    XL:     3   Next: 27%
Magic:  5/6        EV: 13    Int: 14    God:
Gold:   67         SH:  0    Dex: 15    Spells: 4/7 levels left

rFire    . . .     SeeInvis .   b - -1 short sword (curse)
rCold    . . .     Gourm    .   (no shield)
rNeg     . . .     Faith    .   e - +1 leather armour
rPois    .         Spirit   .   (no helmet)
rElec    .         Reflect  .   (no cloak)
rCorr    .         Harm     .   (no gloves)
MR       .....                  (no boots)
Stlth    ++........             (no amulet)
HPRegen  0.08/turn              h - +3 ring of evasion
MPRegen  0.10/turn              l - -3 ring of evasion (curse)

@: no status effects
A: change form in water, swift swim, stealthy swim
a: no special abilities


You were on level 2 of the Dungeon.
You were not hungry.

You visited 1 branch of the dungeon, and saw 2 of its levels.

You collected 67 gold pieces.

Inventory:

Hand Weapons
 b - a cursed -1 short sword (weapon)
Armour
 a - a +0 robe
 e - a +1 leather armour (worn)
Jewellery
 h - a +3 ring of evasion (left hand)
 l - a cursed -3 ring of evasion (right hand)
Scrolls
 d - a scroll of identify
Potions
 f - 2 potions of lignification
 g - a potion of cancellation
Comestibles
 c - 3 rations


   Skills:
 + Level 3.2 Dodging
 - Level 2.1 Stealth
 * Level 2.6 Spellcasting
 - Level 0.7 Conjurations
 * Level 3.9 Ice Magic


You had 4 spell levels left.
You knew the following spells:

 Your Spells              Type           Power        Failure   Level  Hunger
a - Freeze                Ice            ##..         6%          1    #......
b - Throw Frost           Conj/Ice       #.....       19%         2    ###....

Your spell library contained the following spells:

 Spells                   Type           Power        Failure   Level  Hunger
 Summon Ice Beast         Ice/Summ       #.......     82%         4    #####..
 Ozocubu's Armour         Chrm/Ice       #.......     41%         3    ###....
 Throw Icicle             Conj/Ice       #.......     77%         4    #####..


Dungeon Overview and Level Annotations

Branches:
Dungeon (2/15)

Altars:


Message History

The bat misses you. The bat barely misses you. x2
The bat hits you but does no damage. The bat closely misses you. x2
You open the door.
A leopard gecko and a kobold come into view.
The leopard gecko hisses angrily.
The kobold shouts!
The bat barely misses you.
The kobold throws a stone.
The stone hits you.
* * * LOW HITPOINT WARNING * * *
The bat hits you but does no damage.
Found 2 gold pieces.
The bat closely misses you.
Found a scroll labeled IMAANW ZEEWK.
There is an open door here.
The bat misses you.
The kobold throws a stone.
The stone hits you.
* * * LOW HITPOINT WARNING * * *
You see here a stone.
The leopard gecko barely misses you. The bat hits you but does no damage.
The bat hits you but does no damage. The leopard gecko bites you.
You die...

#..# #....g#
#...[ #..#
#####.# #.###
#..#########.#
#.###
#...g........#
#....
#.############
##### #g#
##'########
#..(?.....###
#...S@......#
#$.Klb......#
#...........#
#.........###
#.........#
#.........#
#.........#
#.........#


You could see an adder, a leopard gecko, a bat and a kobold.

Vanquished Creatures
  A worm (D:2)
  A dart slug (D:1)
  A leopard gecko (D:1)
  2 giant cockroaches (D:1)
  2 goblins (D:1)
  5 hobgoblins
  5 kobolds
  4 bats (D:1)
  3 frilled lizards (D:1)
  2 rats (D:1)
26 creatures vanquished.

Notes
Turn   | Place    | Note
-------+----------+-------------------------------------------
     0 | D:1      | Holzbalken the Merfolk Ice Elementalist began the quest for the Orb.
     0 | D:1      | Reached XP level 1. HP: 13/13 MP: 3/3
   288 | D:1      | Reached XP level 2. HP: 8/19 MP: 3/5
   669 | D:1      | Learned a level 2 spell: Throw Frost
  1000 | D:1      | Reached XP level 3. HP: 24/24 MP: 3/6
  1322 | D:2      | Slain by a leopard gecko

Vault maps used:
D:1:      shiori_arrival_maze
D:2:      lemuel_round_altar, first_ration

Skill      XL: |  1  2 |
---------------+-------+-----
Dodging        | 3 |  3.2
Stealth        | |  2.1
Spellcasting   | |  2.6
Conjurations   | |  0.7
Ice Magic      | |  3.9

Action                   || total
-------------------------++-------
Melee: Short sword       ||    53
 Cast: Freeze            ||    35
       Throw Frost       ||     1
  Use: Scroll            ||     4
  Eat: Chunk             ||     2
Armor: Leather armour    ||    41
Dodge: Dodged            ||    97

Table legend:
 A = Spawn XP
 B = Non-spawn XP
 C = Spawn XP percentage of total XP
 D = Spawn monster count
 E = Non-spawn monster count
 F = Spawn count percentage of total count
 G = Total turns spent on level
                    A         B        C        D         E        F      G
               +---------+---------+-------+---------+---------+-------+---------
         Total |       0 |      47 |   0.0 |       0 |      26 |   0.0 |  1322
               +---------+---------+-------+---------+---------+-------+---------
           D:1 |       0 |      36 |   0.0 |       0 |      21 |   0.0 |  1137
           D:2 |       0 |      11 |   0.0 |       0 |       5 |   0.0 |   185
               +---------+---------+-------+---------+---------+-------+---------
